 Dungeon Crawl Stone Soup version 0.27.1-34-g3ba077fa99 (webtiles) character file.

Game seed: 8517646961508987157

1444 pkoi the Grappler (level 8, -10/66 HPs)
             Began as a Grey Draconian Monk on Jan 13, 2022.
             Mangled by Duvessa (13 damage)
             ... on level 4 of the Dungeon.
             The game lasted 00:08:23 (7132 turns).

pkoi the Grappler (Grey Draconian Monk)             Turns: 7132, Time: 00:08:23

Health: -10/66     AC: 11    Str: 14 (15) XL:     8   Next: 46%
Magic:  8/8        EV: 12    Int: 11 (12) God:
Gold:   125        SH:  0    Dex: 10 (13) Spells: 7/7 levels left

rFire    . . .     SeeInvis .     - Unarmed
rCold    . . .     Faith    .   (no shield)
rNeg     . . .     Spirit   .   (armour unavailable)
rPois    .         Reflect  .   (helmet restricted)
rElec    .         Harm     .   (no cloak)
rCorr    .         Rampage  .   (no gloves)
Will     .....                  (no boots)
Stlth    ++........             (no amulet)
HPRegen  0.21/turn              (no ring)
MPRegen  0.11/turn              (no ring)

@: brilliant, very slightly contaminated, invisible
A: AC +11, amphibious, unfitting armour, cold-blooded
a: no special abilities


You were on level 4 of the Dungeon.
You visited 1 branch of the dungeon, and saw 4 of its levels.

You collected 125 gold pieces.

Inventory:

Hand Weapons
 b - a +2 dagger of venom
 o - a +3 dagger
Missiles
 l - a throwing net (quivered)
Jewellery
 d - a ring of fire
Wands
 p - a wand of digging (2)
 q - a wand of mindburst (1)
Scrolls
 f - 3 scrolls of identify
 g - a scroll of noise {unknown}
 j - a scroll of blinking {unknown}
 k - a scroll of enchant weapon {unknown}
 m - 2 scrolls of teleportation {unknown}
 n - a scroll of amnesia {unknown}
 r - a scroll of enchant armour {unknown}
Potions
 e - a potion of attraction
 s - a potion of mutation {unknown}


   Skills:
 - Level 4.0 Fighting
 - Level 1.6 Short Blades
 - Level 3.0 Dodging
 - Level 3.0 Stealth
 * Level 10.1 Unarmed Combat


You had 7 spell levels left.
You didn't know any spells.
Your spell library contained the following spells:

 Spells                   Type           Power      Damage    Failure   Level
 Magic Dart               Conj           0%         1d3       34%         1
 Searing Ray              Conj           0%         3d3       47%         2
 Fulminant Prism          Conj/Hex       0%         3d6       98%         4


Dungeon Overview and Level Annotations

Branches:
Dungeon (4/15)
 Temple: D:4-7

Altars:

Shops:
D:1 =

Annotations:
D:4 Duvessa


Innate Abilities, Weirdness & Mutations

Your dull iron-grey scales are very hard. (AC +11)
You are amphibious.
You cannot fit into any form of body armour.
You are cold-blooded and may be slowed by cold attacks.


Message History

You hit Dowan.
You kill Dowan!
Duvessa weeps, then rights herself and shakes her weapon.
Duvessa goes berserk!
Duvessa hits you with a +0 rapier!
You are too injured to fight recklessly!
You are too injured to fight recklessly!
You are too injured to fight recklessly!
You are too injured to fight recklessly!
You are too injured to fight recklessly!
You are too injured to fight recklessly!
You are too injured to fight recklessly!
You are too injured to fight recklessly!
You are too injured to fight recklessly!
You are too injured to fight recklessly!
You are too injured to fight recklessly!
As you read the scroll labelled HARAJEI VAOLUZ, it crumbles to dust.
It is a scroll of identify.
e - a potion of attraction Duvessa hits you with a +0 rapier!
* * * LOW HITPOINT WARNING * * *
Duvessa hits you with a +0 rapier.
* * * LOW HITPOINT WARNING * * *
It was a potion of degeneration.
There was something very wrong with that liquid.
You feel weakened.
You feel dopey.
You feel clumsy. Duvessa closely misses you.
It was a potion of curing.
You feel better. Duvessa hits you but does no damage.
Duvessa hits you with a +0 rapier!
* * * LOW HITPOINT WARNING * * *
It was a potion of invisibility.
You fade into invisibility!
Duvessa hits you with a +0 rapier!
* * * LOW HITPOINT WARNING * * *
You are very lightly contaminated with residual magic.
Duvessa hits you with a +0 rapier!
* * * LOW HITPOINT WARNING * * *
It was a potion of brilliance.
You feel clever all of a sudden. Duvessa hits you with a +0 rapier!
You die...

#### #### ...#
...###########...#
#...............#
#.........)#....#
#..........#....#
#.......).e..#
####..#####@## ##..# #...#
## #...# #.### ..### #.#.#
#.# ....# #.#.# #.# #...#
#...# #.############
##..####.#####.#..........#
...........)<....######..##
###....#...###.### #..##


You could see Duvessa (berserk).

Vanquished Creatures
  Pikel (D:3)
  Sigmund (D:4)
  Edmund (D:3)
  3 lemures (D:3)
  A scorpion (D:4)
  Dowan (D:4)
  A vampire bat (D:3)
  An orc priest (D:2)
  An iguana (D:3)
  Ijyb (D:3)
  Natasha (thrice) (D:2)
  3 orc wizards
  7 gnolls
  6 adders
  An ufetubus (D:4)
  2 adder skeletons (D:4)
  3 worms
  5 dart slugs
  3 fire bats (D:3)
  5 orcs
  2 spectral bats (D:3)
  3 bat skeletons (D:3)
  A bat zombie (D:3)
  14 endoplasms
  5 giant cockroaches
  4 hobgoblins
  6 jackals (D:2)
  4 kobolds
  2 quokkas
  7 ball pythons
  11 bats
  A bat simulacrum (D:3)
  3 frilled lizards
  10 goblins
  2 rats (D:3)
125 creatures vanquished.

Notes
Turn   | Place    | Note
-------+----------+-------------------------------------------
     0 | D:1      | pkoi the Draconian Monk began the quest for the Orb.
     0 | D:1      | Reached XP level 1. HP: 19/19 MP: 1/1
    52 | D:1      | Found Zankotao's Jewellery Shoppe.
   377 | D:1      | Found a faded altar of an unknown god.
  1313 | D:2      | Reached XP level 2. HP: 22/26 MP: 2/2
  1457 | D:2      | Reached XP level 3. HP: 24/31 MP: 3/3
  1899 | D:2      | Noticed Natasha
  1909 | D:2      | Killed Natasha
  1910 | D:2      | Reached XP level 4. HP: 18/40 MP: 4/4
  2203 | D:2      | Reached skill level 1 in Short Blades
  2224 | D:2      | Noticed Natasha
  2236 | D:2      | Killed Natasha
  2237 | D:2      | Reached skill level 4 in Unarmed Combat
  2445 | D:2      | Reached XP level 5. HP: 46/46 MP: 5/5
  2615 | D:2      | Noticed Natasha
  2624 | D:2      | Killed Natasha
  3313 | D:3      | Reached skill level 5 in Unarmed Combat
  3989 | D:3      | Reached XP level 6. HP: 39/52 MP: 6/6
  4765 | D:3      | Reached skill level 6 in Unarmed Combat
  4898 | D:4      | Noticed Ijyb
  4901 | D:4      | Noticed Pikel
  5107 | D:4      | Noticed Edmund
  5170 | D:3      | Killed Edmund
  5171 | D:3      | Reached skill level 7 in Unarmed Combat
  5171 | D:3      | Your scales start taking on a dull iron-grey colour.
  5171 | D:3      | Reached XP level 7. HP: 18/59 MP: 7/7
  5629 | D:3      | Killed Ijyb
  6441 | D:3      | Killed Pikel
  6442 | D:3      | Reached skill level 9 in Unarmed Combat
  6442 | D:3      | Reached XP level 8. HP: 30/66 MP: 8/8
  7027 | D:4      | Noticed Sigmund
  7041 | D:4      | Killed Sigmund
  7042 | D:4      | Reached skill level 10 in Unarmed Combat
  7113 | D:4      | Noticed Dowan
  7114 | D:4      | Noticed Duvessa
  7125 | D:4      | Killed Dowan
  7130 | D:4      | HP: 2/66 [Duvessa (8)]
  7132 | D:4      | Mangled by Duvessa

Illustrated notes

Levels and vault maps discovered:
D:1:      matt_arrival_spirals, layout_basic, serial_shops, shop,
          ebering_ecumenical_altar_ruins
D:2:      layout_basic, uniq_natasha
D:3:      layout_loops_cross, grunt_ministairs_1, goddamned_bats
D:4:      layout_rooms, uniq_pikel, uniq_ijyb, uniq_edmund, uniq_duvessa,
          uniq_sigmund

Skill      XL: |  1  2  3  4  5  6  7  8 |
---------------+-------------------------+-----
Stealth        | 2 3 |  3.0
Dodging        | 3 |  3.0
Fighting       | 4 |  4.0
Short Blades   | 1 |  1.6
Unarmed Combat | 4 5 7 9 10 | 10.1

Action                   |  1- 3 |  4- 6 |  7- 9 || total
-------------------------+-------+-------+-------++-------
Melee: Unarmed           |    48 |    99 |    90 ||   237
       Tailslap          |    11 |    29 |    16 ||    56
       Dagger            |    40 |   125 |    55 ||   220
       Punch             |       |     5 |     3 ||     8
  Use: Potion            |       |       |     4 ||     4
       Scroll            |       |       |     1 ||     1
 Stab: Sleeping          |     5 |     5 |       ||    10
Armor: Skin              |    13 |   106 |    61 ||   180
Dodge: Dodged            |    49 |   190 |    80 ||   319
